 Dungeon Crawl Stone Soup version 0.29.1-15-g9cfb28693d (webtiles) character file.

Game seed: 18220263219982253571

1035 CatalinOSBI the Grave Robber (level 8, 0/48 HPs)
             Began as a Deep Elf Necromancer on Apr 7, 2023.
             Was a Follower of Sif Muna.
             Killed from afar by an electric eel (9 damage)
             ... with a bolt of electricity
             ... on level 7 of the Dungeon.
             The game lasted 00:30:57 (4986 turns).

CatalinOSBI the Grave Robber (Deep Elf Necromancer) Turns: 4986, Time: 00:30:57

Health: 0/48       AC:  6    Str:  5    XL:     8   Next: 3%
Magic:  25/25      EV: 12    Int: 23    God:    Sif Muna [*.....]
Gold:   172        SH:  0    Dex: 15    Spells: 11/15 levels left

rFire   . . .      SeeInvis .   l - +2 dagger (speed)
rCold   . . .      Faith    .   (no shield)
rNeg    . . .      Spirit   .   a - +0 robe
rPois   .          Reflect  .   k - +2 hat
rElec   .          Harm     .   m - +0 cloak
rCorr   .          Rampage  .   g - +0 pair of gloves
Will    .....                   (no boots)
Stlth   +++.......              (no amulet)
HPRegen 0.16/turn               i - ring of magical power
MPRegen 0.19/turn               (no ring)

@: no status effects
A: no striking features
a: Renounce Religion, Channel Magic


You were on level 7 of the Dungeon.
You worshipped Sif Muna.
Sif Muna was aware of your devotion.
You visited 2 branches of the dungeon, and saw 7 of its levels.

You collected 172 gold pieces.

Inventory:

Hand Weapons
 c - a +0 short sword
 d - a +0 dagger
 l - a +2 dagger of speed (weapon)
 n - a +3 sling
Armour
 a - a +0 robe (worn)
 g - a +0 pair of gloves (worn)
 k - a +2 hat (worn)
 m - a +0 cloak (worn)
Jewellery
 i - a ring of magical power (left hand)
Wands
 s - a wand of flame (21)
Scrolls
 e - 2 scrolls of immolation
 p - a scroll of amnesia
 q - a scroll of silence {unknown}
 r - 2 scrolls of identify
Potions
 b - a potion of degeneration {unknown}
 f - 2 potions of might
 h - 3 potions of cancellation {unknown}
 o - a potion of berserk rage
 t - 2 potions of mutation {unknown}


   Skills:
 + Level 4.0 Fighting
 + Level 4.7 Short Blades
 - Level 2.4 Dodging
 - Level 4.0 Stealth
 - Level 4.0 Spellcasting
 + Level 7.8 Necromancy


You had 11 spell levels left.
You knew the following spells:

 Your Spells              Type           Power      Damage    Failure   Level
a - Necrotise             Necr           100%       1d9       1%          1
b - Vampiric Draining     Necr           40%        2d8       1%          3

Your spell library contained the following spells:

 Spells                   Type           Power      Damage    Failure   Level
 Animate Dead             Necr           40%        N/A       4%          4
 Agony                    Necr           40%        N/A       12%         5
 Blink                    Tloc           8%         N/A       16%         2
 Lesser Beckoning         Tloc           4%         N/A       30%         3
 Manifold Assault         Tloc           4%         N/A       96%         5


Dungeon Overview and Level Annotations

Branches:
Dungeon (5/15)             Temple (1/1) D:4

Altars:
Dithmenos
Fedhas
Hepliaklqana
Kikubaaqudgha
Okawaru
Sif Muna
Trog
Wu Jian
Xom
Yredelemnul
Zin

Annotations:
D:2 1 runed translucent door, Crazy Yiuf
D:3 exclusion: 2 downstairs
D:4 Menkaure
D:5 exclusion: upstairs


Message History

Confirm with . or Enter, or press ? or * to list all spells.
Aiming: Necrotise (safe; 1% risk of failure)
Press: ? - help, Shift-Dir - straight line, f/p - iguana
Aim: an iguana (heavily wounded, chance to affect: 88%)
The iguana writhes in agony!
You kill the iguana!
Sif Muna accepts your kill.
The dead are walking!
You start resting.
Magic restored.
You enter the shallow water.
Moving in this stuff is going to be slow.
You enter the shallow water.
Moving in this stuff is going to be slow.
A white imp comes into view.
The white imp shouts, "Fly, thou painted hedge-born lout!"
An electric eel comes into view.
You enter the shallow water.
Moving in this stuff is going to be slow.
An electric eel comes into view.
Your iguana skeleton crumbles into dust!
The electric eel shoots out a bolt of lightning at you!
The bolt of electricity hits you!
The electric eel shoots out a bolt of lightning at you!
The bolt of electricity hits you!
You hear a shout!
The electric eel shoots out a bolt of lightning at you!
The bolt of electricity misses you.
Aiming: Throw Flame
Press: ? - help, Q - select action, (/) - cycle Shift-Dir - straight line, f - white imp
Aim: a white imp (68% to hit)
The electric eel shoots out a bolt of lightning at you!
The bolt of electricity hits you.
As you read the scroll labelled WUTO CEKKIEST, it crumbles to dust.
Your body is wracked with pain!
* * * LOW HITPOINT WARNING * * *
The electric eel convulses!
It was a scroll of torment.
The electric eel shoots out a bolt of lightning at you!
The bolt of electricity hits you!
You die...

#.# #~≈♣♣♣≈.≈ #.# #.≈≈≈≈≈.≈≈≈≈
≈≈≈≈ #.# #...~~~~.~.. .~~~
#.#####.≈≈≈≈≈~≈≈≈ ~≈≈≈
##.......≈♣♣♣≈.≈♣ ~≈♣
##.......~≈♣ ♣≈~≈♣ ≈~≈♣
#####.#.####.~≈♣♣♣≈.≈♣♣♣≈~≈♣♣♣
.....###......≈≈≈≈≈5≈≈≈≈≈.≈≈≈≈
#####.#...)..~~.@§§....~......
######........≈≈≈≈≈.≈≈≈≈≈.≈≈≈≈
..............≈♣♣♣≈.≈♣♣♣≈~S♣♣♣
#####....<..>.≈♣ ♣≈~≈♣ ≈.≈♣
#.........≈♣ ♣≈.≈♣ ~≈♣
###......~≈≈≈≈≈.≈S≈ .≈≈≈
#.......~~..~~.~~. ~...
##......≈≈≈≈≈~≈≈≈≈ ≈≈≈≈
#.......≈♣


You could see an electric eel and a white imp.

Vanquished Creatures
  Sigmund (D:4)
  Duvessa (D:7)
  An orc warrior (D:7)
  An ice beast (D:7)
  2 necrophages (D:5)
  A scorpion (D:7)
  Dowan (D:7)
  2 hounds
  An orc priest (D:7)
  A jelly (D:4)
  2 orc wizards
  2 iguanas
  Robin (D:4)
  3 adders
  3 gnolls (D:4)
  A worm (D:2)
  2 dart slugs
  10 orcs
  3 ball pythons
  3 bats
  4 endoplasms
  2 giant cockroaches (D:1)
  10 goblins
  10 hobgoblins
  10 kobolds
  5 quokkas
  A frilled lizard (D:3)
  6 rats
90 creatures vanquished.

Vanquished Creatures (collateral kills)
  An orc (D:3)
  A ball python (D:2)
  A giant cockroach (D:1)
  A goblin (D:4)
  A rat (D:2)
5 creatures vanquished.

Vanquished Creatures (others)
  An adder (D:4)
  2 plants
3 creatures vanquished.

Grand Total: 98 creatures vanquished

Notes
Turn   | Place    | Note
-------+----------+-------------------------------------------
     0 | D:1      | CatalinOSBI the Deep Elf Necromancer began the quest for
                  | the Orb.
     0 | D:1      | Reached XP level 1. HP: 10/10 MP: 6/6
   202 | D:1      | Reached skill level 5 in Necromancy
   204 | D:1      | Reached XP level 2. HP: 16/16 MP: 4/8
   536 | D:1      | Reached skill level 1 in Short Blades
   635 | D:1      | Found a faded altar of an unknown god.
   737 | D:1      | Reached skill level 1 in Fighting
   737 | D:1      | Reached XP level 3. HP: 20/20 MP: 7/10
  1812 | D:2      | Found a runed translucent door.
  1813 | D:2      | Noticed Crazy Yiuf
  2393 | D:3      | Reached XP level 4. HP: 23/25 MP: 11/11
  2570 | D:3      | Learned a level 3 spell: Vampiric Draining
  2977 | D:4      | Reached XP level 5. HP: 25/30 MP: 13/13
  2985 | D:4      | Noticed Robin
  2987 | D:4      | Noticed Menkaure
  2990 | D:4      | Killed Robin
  3240 | D:4      | Noticed Sigmund
  3240 | D:4      | Found a staircase to the Ecumenical Temple.
  3252 | D:4      | Killed Sigmund
  3253 | D:4      | Reached skill level 6 in Necromancy
  3253 | D:4      | Reached XP level 6. HP: 21/36 MP: 14/14
  3540 | Temple   | Entered the Ecumenical Temple
  3851 | Temple   | Became a worshipper of Sif Muna the Loreminder
  4106 | D:5      | Entered Level 5 of the Dungeon
  4649 | D:5      | Reached XP level 7. HP: 39/41 MP: 15/15
  4697 | D:5      | You fall into a shaft and drop 2 floors!
  4703 | D:7      | Noticed Dowan
  4756 | D:7      | Noticed Duvessa
  4767 | D:7      | Killed Duvessa
  4768 | D:7      | Reached skill level 7 in Necromancy
  4770 | D:7      | Killed Dowan
  4786 | D:7      | Reached * piety under Sif Muna
  4888 | D:7      | Reached XP level 8. HP: 48/48 MP: 16/16
  4986 | D:7      | Killed from afar by an electric eel

Illustrated notes

Levels and vault maps discovered:
D:1:      sevenhm_arrival_forest_fort_large_4, layout_basic,
          ebering_ecumenical_altar_sacrificial, chequers_serial_rivers_large_b
D:2:      layout_loops_ring, uniq_crazy_yiuf_cottage
D:3:      layout_basic, serial_forest, infiniplex_forest_straight_2,
          infiniplex_forest_lined_ring, infiniplex_forest_lined_2,
          infiniplex_forest_corner_1, infiniplex_forest_side_room,
          infiniplex_forest_lined_corner
D:4:      layout_rooms, mainiacjoe_overflow_alcove_3,
          minmay_temple_entry_overgrown, nicolae_figureground_pulse,
          uniq_sigmund, uniq_blork_the_orc, uniq_menkaure, uniq_robin
D:5:      layout_cave_pools, hellmonk_ghost_happy_afterlife, minmay_pentangle
D:7:      layout_loops_ring, gammafunk_temple_overflow_pools, kennysheep_boxes,
          uniq_duvessa, uniq_prince_ribbit1
Temple:   bh_familiar_temple

Skill      XL: |  1  2  3  4  5  6  7 |
---------------+----------------------+-----
Necromancy     | 5 6 7 |  7.8
Short Blades   | 1 2 3 4 |  4.7
Fighting       | 1 2 3 4 |  4.0
Spellcasting   | 4 |  4.0
Stealth        | 3 4 |  4.0
Dodging        | |  2.4

Action                   |  1- 3 |  4- 6 |  7- 9 || total
-------------------------+-------+-------+-------++-------
Melee: Short sword       |     2 |       |       ||     2
       Dagger            |     2 |    50 |       ||    52
 Cast: Necrotise         |    75 |    47 |     7 ||   129
       Vampiric Draining |       |    18 |    23 ||    41
Evoke: Wand              |       |     5 |     1 ||     6
  Use: Scroll            |     3 |     6 |     1 ||    10
       Potion            |       |     1 |     2 ||     3
 Stab: Sleeping          |       |     2 |       ||     2
Armor: Robe              |     2 |    19 |     3 ||    24
Dodge: Dodged            |    11 |    27 |     6 ||    44
